 Dungeon Crawl Stone Soup version 0.21-a0-273-g0785366 (webtiles) character file.

288350 Lavandula the Severer (level 20, -2/183 HPs)
             Began as a Ghoul Warper on Sept 17, 2017.
             Was a High Priest of Uskayaw.
             Slain by a tengu reaver
             ... wielding a +2 great sword of slicing
              (11 damage)
             ... while paralysed by a sphinx
             ... on level 3 of the Vaults.
             The game lasted 02:49:41 (21411 turns).

Lavandula the Severer (Ghoul Warper)               Turns: 21411, Time: 02:49:42

Health: -2/183     AC: 26    Str: 20    XL:     20   Next: 23%
Magic:  30/31      EV:  2    Int: 10    God:    Uskayaw [*****.]
Gold:   591        SH:  0    Dex: 10    Spells: 4/35 levels left

rFire    . . .     SeeInvis .   B - +8 broad axe (vamp)
rCold    + . .     Gourm    .   v - +3 buckler {AC+3}
rNeg     + + +     Faith    +   c - +4 ring mail
rPois    ∞         Spirit   .   D - +0 helmet
rElec    .         Reflect  .   (no cloak)
rCorr    .         Harm     .   u - +1 pair of gloves {archery}
MR       +....                  e - +0 pair of boots
Stlth    ..........             Z - amulet of faith
HPRegen  0.00/turn              C - +4 ring of evasion
MPRegen  0.22/turn              a - ring of Robustness {AC+8}

@: confused, paralysed, marked, rotting, slowed
A: rotting body, claws 1, carnivore 3, cold resistance 1, negative energy
resistance 3, inhibited regeneration, torment resistance, unbreathing
}: 3/15 runes: decaying, serpentine, slimy
a: Stomp, Line Pass, Grand Finale, Renounce Religion


You were on level 3 of the Vaults.
You worshipped Uskayaw.
Uskayaw was aware of your devotion.
You were not hungry.

You visited 7 branches of the dungeon, and saw 38 of its levels.
You also visited: Bailey.

You collected 3501 gold pieces.
You spent 2910 gold pieces at shops.

Inventory:

Hand Weapons
 s - a +1 war axe of electrocution
 B - a +8 vampiric broad axe (weapon)
 J - the +6 war axe "Jintiv" {freeze, *Noise rPois rC+ MR++}
   (You found it on level 3 of the Snake Pit)

   It has been specially enchanted to freeze those struck by it, causing extra
   injury to most foes and up to half again as much damage against particularly
   susceptible opponents.
   It can also slow down cold-blooded creatures.
   It protects you from cold.
   It protects you from poison.
   It affects your resistance to hostile enchantments.
   It may make noises in combat.
 R - a +2 demon whip of electrocution
Missiles
 d - 5 tomahawks of dispersal (quivered)
 q - 7 throwing nets
 F - 3 javelins of penetration
Armour
 c - a +4 ring mail (worn)
 e - a +0 pair of boots (worn)
 o - the +7 chain mail of Tisefa {rPois rC+ SInv}
   (You found it on level 3 of the Swamp)

   It protects you from cold.
   It protects you from poison.
   It lets you see invisible.
 u - a +1 pair of gloves of archery (worn)
 v - a +3 buckler of protection (worn)
 y - a +2 robe of magic resistance
 D - a +0 helmet (worn)
Magical Staves
 k - an uncursed staff of wizardry
Jewellery
 a - the ring of Robustness (right hand) {AC+8}
   (You bought it in a shop on level 2 of the Orcish Mines)

   [ring of protection]

   It affects your AC (+8).
 h - an uncursed ring of see invisible
 w - an uncursed ring of fire
 C - a +4 ring of evasion (left hand)
 Q - an uncursed ring of resist corrosion
 Z - an amulet of faith (around neck)
Wands
 x - a wand of confusion (24/48)
 K - a wand of enslavement (14/24)
 V - a wand of paralysis (4/24)
Scrolls
 g - 2 scrolls of remove curse
 l - 6 scrolls of teleportation
 p - 8 scrolls of immolation
 G - 4 scrolls of recharging
 N - a scroll of torment
 O - 6 scrolls of amnesia
 P - 2 scrolls of magic mapping
 U - 4 scrolls of fear
 X - 2 scrolls of fog
 Y - 3 scrolls of blinking
Potions
 b - a potion of invisibility
 i - 3 potions of curing
 n - 4 potions of brilliance
 r - 4 potions of resistance
 H - a potion of magic
 I - 5 potions of heal wounds
 L - a potion of haste
 M - a potion of cancellation
 S - a potion of mutation {unknown}
 W - 3 potions of might
Miscellaneous
 t - 2 sacks of spiders
 z - a phantom mirror
 A - 2 boxes of beasts
 T - a lightning rod (4/4)
Comestibles
 f - 12 meat rations
 j - 4 royal jellies


   Skills:
 - Level 16.8 Fighting
 - Level 18.1 Axes
 - Level 0.8 Throwing
 - Level 6.3 Armour
 - Level 12.6 Dodging
 - Level 5.5 Shields
 - Level 4.1 Unarmed Combat
 - Level 8.3 Spellcasting
 + Level 3.8 Charms
 - Level 4.5 Summonings
 - Level 9.7 Translocations
 + Level 2.2 Air Magic
 - Level 11.4 Invocations
 - Level 4.4 Evocations


You had 4 spell levels left.
You knew the following spells:

 Your Spells              Type           Power        Failure   Level  Hunger
a - Blink                 Tloc           N/A          1%          2    #......
b - Shroud of Golubria    Chrm/Tloc      ###.......   2%          2    #......
c - Teleport Other        Tloc           ###.....     1%          3    ###....
d - Passage of Golubria   Tloc           N/A          4%          4    ####...
e - Spellforged Servitor  Conj/Summ      #.........   100%        7    #######
f - Apportation           Tloc           ###...       1%          1    None
g - Summon Butterflies    Summ           ##......     4%          1    None
h - Lesser Beckoning      Tloc           ###.......   1%          3    ###....
i - Passwall              Tmut/Erth      #.........   36%         2    #......
j - Deflect Missiles      Chrm/Air       ##........   100%        6    #######


Dungeon Overview and Level Annotations

Branches:
Dungeon (14/15)            Temple (0/1) D:7            Lair (6/6) D:9
  Swamp (4/4) Lair:3        Snake (4/4) Lair:4        Slime (5/5) Lair:5
    Orc (2/2) D:10            Elf (0/3) Orc:2        Vaults (3/5) D:14
  Crypt: Vaults:2-3

Altars:
Hepliaklqana
Trog
Uskayaw
Jiyva

Shops:
D:5 }   Orc:2 (=!=   Snake:2 (   Vaults:3 *

Annotations:
D:12 Azrael, Erolcha
Lair:3 exclusion: hydra
Snake:1 Asterion
Snake:2 Vashnia


Innate Abilities, Weirdness & Mutations

Your body is rotting away.
You thrive on raw meat.
You are immune to poison.
You have sharp fingernails.
You are carnivorous and can eat meat at any time.
Your flesh is cold resistant. (rC+)
You are immune to negative energy. (rN+++)
You do not regenerate when monsters are visible.
You are immune to unholy pain and torment.
You can survive without breathing.


Message History

The sphinx completely misses you. The sphinx hits you but does no damage.
The wizard hits you but does no damage.
The wizard is no longer sharing its pain.
The wizard hits you with an antimagic dagger.
* * * LOW HITPOINT WARNING * * *
You feel your power leaking away. The wizard casts a spell at you.
The bolt of cold hits you! You resist.
* * * LOW HITPOINT WARNING * * *
The bolt of cold hits the ice dragon.
The ice dragon resists.
The ice dragon bites you!
* * * LOW HITPOINT WARNING * * *
The ice dragon claws you but does no damage.
The ice dragon tramples you!
* * * LOW HITPOINT WARNING * * *
You hold your ground!
The wizard barely misses you.
The sphinx mumbles some strange words.
You are more confused.
The tengu reaver hits you with a great sword of slicing!
You die...

...# }## ...# ...#
...############# #...##
...'...........# .....#
...#...#...#...# #.....#
####...#...#...##.......
...#.###^..###.#........
...#...........DQH......
#..#.....#.....#@p......
# .#...........##p.§....
# #.###...###.# #.....#
#. #...# ..# .....# +
#...# ..# ...##
.........# ...# #####
#### [## ##


You could see an ice dragon, a sphinx, a tengu reaver and 2 wizards.

Vanquished Creatures
  the Royal Jelly (Slime:5)
  Saint Roka (Snake:3)
  The ghost of emikaela the Warrior, an adept GnEn of Hepliaklqana (Snake:4)
  A sphinx (Vaults:3)
  13 acid blobs
  A tengu reaver (Vaults:3)
  7 azure jellies
  2 vault wardens (Vaults:1)
  9 nagarajas (Snake:4)
  Aizul (Swamp:4)
  An ironheart preserver (Vaults:1)
  2 very ugly things (Vaults:3)
  3 fire dragons
  3 great orbs of eyes
  2 death oozes
  2 yaktaur captains
  The ghost of glosham the Transmogrifier, a journeyman GnWz of Vehumet (D:11)
  13 hydras
  Fannar (D:11)
  4 ogre magi
  2 ice dragons
  21 naga warriors
  2 centaur warriors
  12 anacondas
  13 two-headed ogres
  4 alligators
  A queen ant (Lair:3)
  19 death yaks
  11 shock serpents
  25 naga sharpshooters
  Urug (D:10)
  17 spriggans
  3 fire crabs (Swamp:4)
  2 salamander mystics
  A spriggan druid (Swamp:4)
  An iron troll (D:14)
  A wizard (Vaults:2)
  6 swamp dragons
  3 unseen horrors
  7 naga ritualists
  The ghost of emikaela the Slicer, a novice KoWr of Kikubaaqudgha (D:6)
  A deep troll (Vaults:3)
  2 shambling mangroves (Swamp:4)
  Pikel (D:8)
  3 ironbrand convokers
  6 orc knights
  6 mana vipers
  A wolf spider (Vaults:3)
  11 ugly things
  A shining eye (Slime:4)
  6 salamanders
  An orc sorcerer (Vaults:1)
  3 cyclopes
  A manticore (D:14)
  2 salamanders (shapeshifter)
  3 guardian serpents
  An elephant (Lair:2)
  32 naga magi
  17 spiny frogs
  3 vault sentinels
  2 eyes of devastation
  29 black mambas
  3 centaur skeletons
  2 molten gargoyles (Lair:4)
  A freezing wraith (D:14)
  5 rime drakes
  16 yaktaurs
  A komodo dragon (shapeshifter) (Vaults:1)
  An efreet (D:14)
  3 komodo dragons
  8 trolls
  A meliai (shapeshifter) (D:14)
  6 polar bears
  5 tyrant leeches
  58 slime creatures
  13 hornets
  Prince Ribbit (Lair:2)
  2 bog bodies
  21 blink frogs
  2 meliai zombies
  6 dream sheep
  11 hippogriffs
  A centaur simulacrum (D:14)
  A shadow (D:12)
  18 yaks
  2 wraiths
  2 fire elementals (D:12)
  3 fire bats (Swamp:4)
  4 golden eyes
  Grum (D:8)
  8 vampire mosquitoes
  3 basilisks
  2 hungry ghosts
  11 wargs
  A human simulacrum (Vaults:3)
  17 swamp worms
  8 insubstantial wisps
  66 nagas
  5 soldier ants (Lair:3)
  10 water moccasins
  5 porcupines
  36 orc warriors
  A sky beast (shapeshifter) (Vaults:1)
  A slave (D:8)
  4 black bears
  3 sky beasts (D:14)
  4 boggarts (Lair:6)
  2 eyes of draining (Slime:3)
  7 swamp drakes
  A black bear (shapeshifter) (D:14)
  2 ice beasts
  4 phantoms
  A hornet zombie (D:13)
  An eye of draining (shapeshifter) (Vaults:3)
  24 ogres
  64 wolves
  9 centaurs
  11 crocodiles
  4 big kobolds
  18 bullfrogs
  5 gnoll sergeants
  A wyvern skeleton (D:6)
  3 scorpions
  6 killer bees (D:9)
  7 wights (D:7)
  8 crimson imps
  2 centaur zombies
  5 lava snakes (Lair:4)
  2 quasits
  5 bullfrog zombies
  4 gnoll shamans
  8 hounds
  4 jellies
  8 orc priests
  20 orc wizards
  5 iguanas
  6 hell rats (Lair:6)
  18 worker ants
  2 howler monkey zombies
  25 gnolls
  11 adders
  3 shadow imps
  3 adder skeletons
  2 adder zombies
  3 worms
  A dart slug (D:4)
  2 leopard geckos (D:8)
  87 orcs
  A ball python (D:6)
  3 giant cockroaches
  5 hobgoblins
  3 jackals
  4 quokkas
  6 bats
  A frilled lizard (D:2)
  6 goblins
  2 jackal skeletons (D:5)
  25 kobolds
  6 rats
  4 fungi
  4 plants
1211 creatures vanquished.

Vanquished Creatures (collateral kills)
  Gastronok (D:8)
  3 gnoll sergeants (Bailey)
  3 gnoll shamans (Bailey)
  2 gnolls (Bailey)
9 creatures vanquished.

Vanquished Creatures (others)
  A spriggan druid (Swamp:4)
  A swamp dragon (Swamp:4)
  A naga mage (Snake:4)
  A steam dragon (Swamp:4)
  A sky beast (D:8)
  5 swamp drakes (Swamp:4)
  An ogre (Vaults:1)
  A bullfrog (Lair:2)
  2 gnoll sergeants (Bailey)
  A gnoll (Bailey)
  6 fungi
  11 plants
32 creatures vanquished.

Grand Total: 1252 creatures vanquished

Notes
Turn   | Place    | Note
-------+----------+-------------------------------------------
     0 | D:1      | Lavandula the Ghoul Warper began the quest for the Orb.
     0 | D:1      | Reached XP level 1. HP: 17/17 MP: 2/2
   241 | D:1      | Reached XP level 2. HP: 24/24 MP: 3/3
   289 | D:1      | Learned a level 2 spell: Blink
   292 | D:1      | Learned a level 2 spell: Shroud of Golubria
   347 | D:2      | Reached XP level 3. HP: 25/28 MP: 4/4
  1059 | D:4      | Reached XP level 4. HP: 29/37 MP: 0/5
  1162 | D:4      | Reached XP level 5. HP: 40/46 MP: 6/6
  1226 | D:5      | Entered Level 5 of the Dungeon
  1263 | D:5      | Reached skill level 1 in Axes
  1281 | D:5      | Reached skill level 2 in Axes
  1386 | D:4      | Reached XP level 6. HP: 48/52 MP: 4/7
  1467 | D:4      | Reached skill level 3 in Axes
  1639 | D:5      | Found a hide-covered altar of Uskayaw.
  1644 | D:5      | Found Moiziplu's Gadget Shop.
  1847 | D:5      | Reached skill level 4 in Axes
  1847 | D:5      | Reached XP level 7. HP: 45/59 MP: 8/8
  1862 | D:6      | Noticed a wyvern
  1890 | D:6      | Noticed a blink frog
  1890 | D:6      | a wyvern changed into a blink frog
  1892 | D:6      | Noticed emikaela's ghost (novice KoWr)
  1900 | D:6      | Killed a blink frog
  1900 | D:6      | Reached skill level 5 in Axes
  2254 | D:6      | Reached skill level 6 in Axes
  2312 | D:6      | Found a hazy altar of Hepliaklqana.
  2409 | D:7      | Found a staircase to the Ecumenical Temple.
  2422 | D:6      | Reached XP level 8. HP: 9/65 MP: 3/9
  2434 | D:6      | Reached skill level 7 in Axes
  2668 | D:7      | Reached skill level 8 in Axes
  2694 | D:7      | Found a flagged portal.
  2701 | Bailey   | Entered a bailey
  2752 | Bailey   | Learned a level 3 spell: Teleport Other
  2853 | Bailey   | Reached skill level 9 in Axes
  2875 | Bailey   | Reached skill level 1 in Evocations
  2875 | Bailey   | Reached XP level 9. HP: 51/71 MP: 7/10
  3231 | D:5      | Bought a box of beasts for 260 gold pieces
  3238 | D:5      | Became a worshipper of Uskayaw the Reveler
  3276 | D:6      | Reached * piety under Uskayaw
  3292 | D:6      | Reached ** piety under Uskayaw
  3293 | D:6      | Killed emikaela's ghost
  3449 | D:7      | Reached *** piety under Uskayaw
  3457 | D:7      | Reached skill level 1 in Shields
  3465 | D:7      | Reached **** piety under Uskayaw
  3542 | D:8      | Noticed Gastronok
  3558 | D:8      | Killed Gastronok
  3558 | D:8      | Reached skill level 5 in Shields
  3558 | D:8      | Reached XP level 10. HP: 78/78 MP: 10/12
  3623 | D:8      | Noticed Grum
  3658 | D:8      | Killed Grum
  3686 | D:8      | Found a bloodstained altar of Trog.
  3754 | D:8      | Noticed Pikel
  3767 | D:8      | Killed Pikel
  3767 | D:8      | Reached skill level 10 in Axes
  3913 | D:8      | Noticed a cyclops
  3936 | D:8      | Killed a cyclops
  4042 | D:8      | Identified a scroll of acquirement
  4763 | D:10     | Entered Level 10 of the Dungeon
  4773 | D:10     | Reached XP level 11. HP: 83/84 MP: 13/13
  4780 | D:10     | Noticed Sonja
  4837 | D:9      | Noticed a two-headed ogre
  4867 | D:9      | Killed a two-headed ogre
  4867 | D:9      | Reached skill level 5 in Translocations
  5002 | D:10     | Reached skill level 1 in Armour
  5111 | D:10     | Noticed a two-headed ogre
  5150 | D:10     | Killed a two-headed ogre
  5241 | D:10     | Noticed Sonja
  5241 | D:10     | Sonja changed into Sonja the troll
  5254 | D:10     | Killed Sonja the troll
  5426 | D:10     | Found a staircase to the Orcish Mines.
  5440 | D:10     | Reached ***** piety under Uskayaw
  5524 | D:10     | Noticed Urug
  5654 | D:11     | Noticed glosham's ghost (journeyman GnWz)
  5675 | D:11     | Killed glosham's ghost
  5675 | D:11     | Reached skill level 11 in Axes
  5809 | D:11     | Noticed a cyclops
  5828 | D:11     | Killed a cyclops
  5945 | D:11     | Learned a level 4 spell: Passage of Golubria
  6034 | D:11     | Noticed Fannar
  6054 | D:11     | Killed Fannar
  6054 | D:11     | Reached skill level 12 in Axes
  6213 | D:12     | Reached XP level 12. HP: 91/91 MP: 14/14
  6222 | D:12     | Noticed a two-headed ogre
  6232 | D:12     | Killed a two-headed ogre
  6316 | D:12     | Noticed Erolcha
  6569 | Orc:1    | Entered Level 1 of the Orcish Mines
  6581 | Orc:1    | Reached skill level 13 in Axes
  6591 | Orc:1    | Reached ****** piety under Uskayaw
  6957 | Orc:2    | Entered Level 2 of the Orcish Mines
  7002 | Orc:2    | Found a staircase to the Elven Halls.
  7172 | Orc:2    | Reached skill level 5 in Fighting
  7241 | Orc:2    | Found Jezusk's Distillery.
  7241 | Orc:2    | Found Faoqok's Jewellery Shoppe.
  7243 | Orc:2    | Found Poaruu's Antique Weapon Emporium.
  7245 | Orc:2    | Found Silurhim's Jewellery Shop.
  7385 | Orc:2    | Noticed an ogre mage
  7385 | Orc:2    | Noticed a two-headed ogre
  7385 | Orc:2    | Noticed a two-headed ogre
  7386 | Orc:2    | Noticed a two-headed ogre
  7387 | Orc:2    | Paralysed by an ogre mage for 7 turns
  7434 | Orc:2    | Killed a two-headed ogre
  7441 | Orc:2    | Killed a two-headed ogre
  7445 | Orc:2    | Killed a two-headed ogre
  7558 | Orc:2    | Paralysed by an ogre mage for 5 turns
  7570 | Orc:2    | Killed an ogre mage
  7570 | Orc:2    | Reached XP level 13. HP: 89/111 MP: 12/15
  7714 | Orc:2    | Bought the ring of Robustness {AC+8} for 1408 gold pieces
  7714 | Orc:2    | Found the ring of Robustness {AC+8}
  7718 | Orc:2    | Bought a potion of heal wounds for 80 gold pieces
  7718 | Orc:2    | Bought a potion of agility for 64 gold pieces
  7852 | D:10     | Killed Urug
  8031 | D:9      | Reached skill level 10 in Fighting
  8580 | D:12     | Noticed Azrael
  8943 | D:9      | Found a staircase to the Lair.
  8947 | Lair:1   | Entered Level 1 of the Lair of Beasts
  9154 | Lair:3   | Reached skill level 5 in Dodging
  9235 | Lair:3   | Found a frozen archway.
  9447 | Lair:2   | Noticed Prince Ribbit
  9460 | Lair:2   | Killed Prince Ribbit
  9896 | Lair:3   | Found a staircase to the Swamp.
  9922 | Swamp:1  | Entered Level 1 of the Swamp
 10024 | Swamp:1  | Reached XP level 14. HP: 122/122 MP: 17/17
 10192 | Swamp:1  | Reached skill level 5 in Spellcasting
 10799 | Swamp:3  | Got a warped chain mail
 10842 | Swamp:3  | Identified the +7 chain mail of Tisefa {rPois rC+ SInv} (You found it on level 3 of the Swamp)
 10880 | Swamp:4  | Entered Level 4 of the Swamp
 10900 | Swamp:4  | Noticed Aizul
 10940 | Swamp:4  | Killed Aizul
 10987 | Swamp:4  | Reached skill level 14 in Axes
 11760 | Lair:4   | Reached skill level 15 in Axes
 11788 | Lair:4   | Found a staircase to the Snake Pit.
 11814 | Snake:1  | Entered Level 1 of the Snake Pit
 11833 | Snake:1  | Reached XP level 15. HP: 115/128 MP: 17/22
 11992 | Snake:1  | Reached skill level 16 in Axes
 12144 | Snake:2  | Noticed Vashnia
 12313 | Snake:2  | Noticed Asterion
 12825 | Snake:2  | Reached skill level 17 in Axes
 13226 | Snake:4  | Entered Level 4 of the Snake Pit
 13226 | Snake:4  | Noticed a nagaraja
 13322 | Snake:3  | Reached XP level 16. HP: 127/135 MP: 23/23
 13389 | Snake:4  | Reached skill level 18 in Axes
 13415 | Snake:4  | Noticed a nagaraja
 13513 | Snake:4  | Killed a nagaraja
 13618 | Snake:4  | Noticed a nagaraja
 13634 | Snake:4  | Killed a nagaraja
 13647 | Snake:4  | Noticed emikaela's ghost (adept GnEn)
 13659 | Snake:4  | Killed emikaela's ghost
 13879 | Snake:4  | Noticed a nagaraja
 13895 | Snake:4  | Killed a nagaraja
 13968 | Snake:4  | Reached skill level 5 in Invocations
 14050 | Snake:4  | Noticed a nagaraja
 14051 | Snake:4  | Killed a nagaraja
 14078 | Snake:4  | Killed a nagaraja
 14078 | Snake:4  | Reached XP level 17. HP: 143/143 MP: 13/24
 14366 | Snake:3  | Reached skill level 5 in Armour
 14372 | Snake:3  | Got an ancient war axe
 14373 | Snake:3  | Identified the +6 war axe "Jintiv" {freeze, *Noise rPois rC+ MR++} (You found it on level 3 of the Snake Pit)
 14430 | Snake:3  | Noticed Saint Roka
 14455 | Snake:3  | Killed Saint Roka
 14963 | Snake:4  | Got a serpentine rune of Zot
 15031 | Snake:2  | Found Ysomoed's Weapon Shoppe.
 15452 | Orc:2    | Bought a potion of magic for 128 gold pieces
 15452 | Orc:2    | Bought a potion of invisibility for 128 gold pieces
 15452 | Orc:2    | Bought a potion of flight for 48 gold pieces
 15454 | Orc:2    | Bought an uncursed ring of resist corrosion for 220 gold pieces
 15459 | Orc:2    | Bought a runed broad axe for 224 gold pieces
 15729 | Lair:6   | Entered Level 6 of the Lair of Beasts
 15937 | Lair:6   | Reached XP level 18. HP: 160/160 MP: 13/25
 15962 | Lair:6   | Reached skill level 15 in Fighting
 15988 | Lair:6   | Found the +0 sword of Power
 16124 | Lair:6   | Reached skill level 10 in Invocations
 16277 | Lair:5   | Found a viscous altar of Jiyva.
 16278 | Lair:5   | Found a staircase to the Slime Pits.
 16295 | Slime:1  | Entered Level 1 of the Pits of Slime
 17325 | Slime:4  | Paralysed by a great orb of eyes for 3 turns
 17345 | Slime:4  | Paralysed by a great orb of eyes for 6 turns
 17358 | Slime:3  | Paralysed by a great orb of eyes for 7 turns
 18073 | Slime:4  | Reached skill level 10 in Dodging
 18157 | Slime:5  | Entered Level 5 of the Pits of Slime
 18633 | Slime:5  | Noticed the Royal Jelly
 18646 | Slime:5  | Killed the Royal Jelly
 18646 | Slime:5  | Reached XP level 19. HP: 146/169 MP: 19/26
 18730 | Slime:5  | Found the +6 lightning scales {run, rElec}
 18749 | Slime:5  | Found the +7 longbow "Piercer" {penet, EV-2}
 18836 | Slime:5  | Got a slimy rune of Zot
 18840 | Slime:5  | Identified the Compendium of the Escort and the Oath
 18849 | Slime:5  | Learned a level 7 spell: Spellforged Servitor
 18908 | Slime:5  | Learned a level 1 spell: Apportation
 18910 | Slime:5  | Learned a level 1 spell: Summon Butterflies
 18914 | Slime:5  | Learned a level 3 spell: Lesser Beckoning
 19573 | Swamp:4  | Got a decaying rune of Zot
 19879 | D:9      | Learned a level 2 spell: Passwall
 20022 | D:13     | Reached skill level 1 in Summonings
 20436 | D:14     | Found a gate to the Vaults.
 20446 | Vaults:1 | Entered Level 1 of the Vaults
 20617 | Vaults:1 | Paralysed by an orc sorcerer for 2 turns
 20963 | Vaults:2 | Reached XP level 20. HP: 162/183 MP: 29/31
 21062 | Vaults:2 | Learned a level 6 spell: Deflect Missiles
 21128 | Vaults:3 | Reached skill level 1 in Charms
 21191 | Vaults:3 | Reached skill level 1 in Air Magic
 21325 | Vaults:3 | Found Sacet's Assorted Antiques.
 21339 | Vaults:3 | Bought a large golden ring for 175 gold pieces
 21339 | Vaults:3 | Bought a potion of heal wounds for 175 gold pieces
 21409 | Vaults:3 | Paralysed by a sphinx for 3 turns
 21411 | Vaults:3 | HP: 9/183 [ice dragon (10)]
 21411 | Vaults:3 | Slain by a tengu reaver

Vault maps used:
D:1:      dpeg_arrival_circle_labyrinth_c
D:2:      grunt_temple_overflow_holy_war, minmay_ruptured,
          uniq_crazy_yiuf_cottage
D:3:      chequers_temple_overflow_minitemple, corexii_leaking_fountain
D:4:      first_bread
D:5:      kennysheep_mini_moat, serial_shops, shop_fountains
D:6:      minmay_misc_feat_nine_boxes, lemuel_statue_altar, uniq_edmund
D:7:      grunt_temple_overflow_bloody_war, minmay_temple_entry_butterflies,
          enter_bailey_2, grunt_ogre_cave
D:8:      trog_wizard, uniq_gastronok, uniq_pikel, uniq_grum
D:9:      lair_entry_dummy
D:10:     erik_orc_3, uniq_sonja, uniq_urug
D:11:     uniq_fannar
D:12:     nicolae_looking_at_the_future, uniq_erolcha, uniq_azrael
D:13:     minivault_27
D:14:     david_vaults_4, minivault_24, st_stairs_9, grunt_decor_mini_mirrors,
          abandoned_shop, kennysheep_dice, uniq_roxanne, uniq_josephine
Lair:1:   special_room, grunt_forest_large_clearings
Lair:2:   nzn_random_ring, uniq_prince_ribbit2
Lair:3:   minmay_swamp_entry_worms, portal_ice_cave_rime, wad_woods_antlair
Lair:4:   cheibrodos_magma_flow
Lair:5:   slime_altar_1, wad_woods_02, infiniplex_staircase_pool_2
Lair:6:   minmay_lair_end_enchanted_forest, grunt_megastairs_3,
          lemuel_fruit_tree, minmay_lair_oklob_chamber, serial_bayou_shore_b
Swamp:1:  evilmike_swamp_ruin_house_2
Swamp:2:  evilmike_swamp_ruin_house_6, swamp_pool4, infiniplex_staircase_pool
Swamp:3:  evilmike_swamp_ruin_rubble_2, uniq_louise, uniq_kirke, uniq_donald
Swamp:4:  swamp_fiery, swamp_pool3, roderic_carrion_pond, uniq_aizul
Snake:2:  serial_shops, shop, special_room, spider_trap, grunt_megastairs_5,
          uniq_asterion, uniq_vashnia
Snake:3:  uniq_saint_roka
Snake:4:  snake_pit, grunt_ministairs_15, nicolae_coiled_stairwell_up
Slime:4:  cheibrodos_slime_lost_civilization_6
Orc:2:    st_orc_rangers, special_room
Vaults:1: ontoclasm_vaults_ring_large, hangedman_vaults_trim, v_alt_pattern_6,
          nicolae_vaults_shelves_hall, nicolae_vaults_quartermaster,
          vaults_room_fours, hangedman_vaults_pinch, vaults_room_fours,
          v_misc_26, nicolae_vaults_specimen_jars
Vaults:2: nicolae_vaults_three_branches, nicolae_vaults_twisting_passages,
          nicolae_vaults_disjoint_gnomons, vaults_mumra_hexcomb,
          vaults_dpeg_encased_lava, grunt_vaults_funneled_arena,
          nicolae_vaults_windows_and_doors_thing, dpeg_vaults_monster_box,
          v_misc_25, nicolae_vaults_little_squares_5, vaults_room_pools
Vaults:3: nicolae_vaults_what_the_h, v_misc_1, nicolae_vaults_network_quincunx,
          blue_anna_dwarven_crypt, v_misc_2, st_hourglassy, v_misc_19,
          nicolae_vaults_network_s, serial_ice_g, v_alt_pattern_1, v_misc_9,
          serial_ice_b, nicolae_vaults_little_ls, serial_shops, shop
Bailey:   bailey_polearm_gnolls_kennysheep, bailey

Skill      XL: |  1  2  3  4  5  6  7  8  9 10 11 12 13 14 15 16 17 18 19 20 |
---------------+-------------------------------------------------------------+-----
Dodging        | 2 3 8 11 12 | 12.6
Unarmed Combat | 3 4 |  4.1
Fighting       | 4 9 10 11 14 16 | 16.8
Axes           | 2 4 6 9 10 12 13 15 17 18 | 18.1
Evocations     | 1 4 |  4.4
Invocations    | 4 8 9 11 | 11.4
Shields        | 5 |  5.5
Translocations | 4 5 7 9 |  9.7
Armour         | 3 4 6 |  6.3
Spellcasting   | 3 5 8 |  8.3
Summonings     | 4 |  4.5
Charms         | 3 |  3.8
Air Magic      | 2 |  2.2
Throwing       | |  0.8

Action                   |  1- 3 |  4- 6 |  7- 9 | 10-12 | 13-15 | 16-18 | 19-21 || total
-------------------------+-------+-------+-------+-------+-------+-------+-------++-------
Melee: Unarmed           |   153 |     4 |       |       |       |       |    54 ||   211
       War axe           |       |    84 |   231 |   270 |    48 |     7 |       ||   640
       Punch             |       |     2 |     3 |       |       |       |       ||     5
       Broad axe         |       |       |       |   482 |  1044 |  1041 |   537 ||  3104
       Flail             |       |       |       |       |    16 |       |       ||    16
       Demon whip        |       |       |       |       |       |       |    61 ||    61
Throw: Throwing net      |       |       |       |       |     3 |       |       ||     3
 Cast: Blink             |     3 |       |     6 |     4 |    17 |    10 |       ||    40
       Shroud of Golubri |     1 |     3 |    14 |    24 |    29 |    49 |    15 ||   135
       Passage of Golubr |       |       |       |       |     3 |     8 |    14 ||    25
Invok: Line Pass         |       |       |       |     6 |     7 |     7 |     2 ||    22
       Grand Finale      |       |       |       |     1 |     3 |    12 |     5 ||    21
       Stomp             |       |       |       |       |       |     1 |       ||     1
Evoke: Wand              |     3 |       |    11 |     1 |     6 |     7 |       ||    28
       Box of beasts     |       |       |     2 |       |     1 |       |       ||     3
       Sack of spiders   |       |       |       |     2 |       |       |       ||     2
  Use: Scroll            |     1 |     3 |    16 |     6 |    11 |     3 |     8 ||    48
       Potion            |       |       |     4 |     2 |     2 |     7 |       ||    15
 Stab: Paralysed         |       |       |     1 |    68 |   146 |   210 |    88 ||   513
       Betrayed ally     |       |       |     1 |       |       |       |       ||     1
       Confused          |       |       |       |     2 |     3 |     1 |     1 ||     7
       Distracted        |       |       |       |     1 |       |       |       ||     1
       Sleeping          |       |       |       |     1 |       |       |       ||     1
  Eat: Chunk             |    30 |    17 |    75 |    62 |    99 |    78 |    22 ||   383
       Royal jelly       |       |       |       |       |       |     3 |     1 ||     4
Armor: Leather armour    |    44 |    23 |    76 |    23 |       |       |       ||   166
       Ring mail         |       |       |       |   234 |   563 |   535 |   286 ||  1618
       Robe              |       |       |       |    18 |       |       |       ||    18
Dodge: Dodged            |    86 |    69 |   161 |   436 |   587 |   639 |   431 ||  2409
Block: Buckler           |       |       |     2 |   268 |   460 |   453 |   202 ||  1385

Table legend:
 A = Spawn XP
 B = Non-spawn XP
 C = Spawn XP percentage of total XP
 D = Spawn monster count
 E = Non-spawn monster count
 F = Spawn count percentage of total count
 G = Total turns spent on level
                    A         B        C        D         E        F      G
               +---------+---------+-------+---------+---------+-------+---------
         Total |       0 |  420875 |   0.0 |       0 |    1215 |   0.0 | 21411
               +---------+---------+-------+---------+---------+-------+---------
           D:1 |       0 |      26 |   0.0 |       0 |      10 |   0.0 |   294
           D:2 |       0 |      17 |   0.0 |       0 |       9 |   0.0 |   350
           D:3 |       0 |      29 |   0.0 |       0 |      11 |   0.0 |   353
           D:4 |       0 |     222 |   0.0 |       0 |      12 |   0.0 |   415
           D:5 |       0 |     342 |   0.0 |       0 |      19 |   0.0 |   770
           D:6 |       0 |    1743 |   0.0 |       0 |      19 |   0.0 |   535
           D:7 |       0 |    1031 |   0.0 |       0 |      32 |   0.0 |   439
           D:8 |       0 |    4271 |   0.0 |       0 |      35 |   0.0 |  1056
           D:9 |       0 |    3857 |   0.0 |       0 |      45 |   0.0 |   977
          D:10 |       0 |    4169 |   0.0 |       0 |      47 |   0.0 |  1251
          D:11 |       0 |    4317 |   0.0 |       0 |      29 |   0.0 |   782
          D:12 |       0 |    3097 |   0.0 |       0 |      18 |   0.0 |   374
          D:13 |       0 |    1358 |   0.0 |       0 |       9 |   0.0 |    93
          D:14 |       0 |   16640 |   0.0 |       0 |      47 |   0.0 |   399
        Lair:1 |       0 |    4887 |   0.0 |       0 |      37 |   0.0 |   218
        Lair:2 |       0 |    5901 |   0.0 |       0 |      19 |   0.0 |   517
        Lair:3 |       0 |    8376 |   0.0 |       0 |      32 |   0.0 |   902
        Lair:4 |       0 |    9530 |   0.0 |       0 |      31 |   0.0 |   411
        Lair:5 |       0 |   10588 |   0.0 |       0 |      22 |   0.0 |   181
        Lair:6 |       0 |   32406 |   0.0 |       0 |     116 |   0.0 |   545
       Swamp:1 |       0 |   10284 |   0.0 |       0 |      26 |   0.0 |   702
       Swamp:2 |       0 |    4122 |   0.0 |       0 |      14 |   0.0 |   150
       Swamp:3 |       0 |    4640 |   0.0 |       0 |      16 |   0.0 |   250
       Swamp:4 |       0 |   18614 |   0.0 |       0 |      37 |   0.0 |   664
       Snake:1 |       0 |   21140 |   0.0 |       0 |      40 |   0.0 |   776
       Snake:2 |       0 |   18544 |   0.0 |       0 |      33 |   0.0 |   535
       Snake:3 |       0 |   24820 |   0.0 |       0 |      52 |   0.0 |  1035
       Snake:4 |       0 |   73550 |   0.0 |       0 |     116 |   0.0 |  1050
       Slime:1 |       0 |    3353 |   0.0 |       0 |      12 |   0.0 |    51
       Slime:2 |       0 |    4279 |   0.0 |       0 |       5 |   0.0 |    48
       Slime:3 |       0 |   11440 |   0.0 |       0 |      14 |   0.0 |  1028
       Slime:4 |       0 |   12003 |   0.0 |       0 |      22 |   0.0 |  1041
       Slime:5 |       0 |   40334 |   0.0 |       0 |      21 |   0.0 |   482
         Orc:1 |       0 |    1865 |   0.0 |       0 |      27 |   0.0 |   430
         Orc:2 |       0 |   10830 |   0.0 |       0 |      65 |   0.0 |   873
      Vaults:1 |       0 |   24615 |   0.0 |       0 |      53 |   0.0 |   486
      Vaults:2 |       0 |    4797 |   0.0 |       0 |       7 |   0.0 |   165
      Vaults:3 |       0 |   17720 |   0.0 |       0 |      28 |   0.0 |   314
        Bailey |       0 |    1118 |   0.0 |       0 |      28 |   0.0 |   469
               +---------+---------+-------+---------+---------+-------+---------
